 Dungeon Crawl Stone Soup version 0.28.0-53-g5a82cb258f (webtiles) character file.

Game seed: 9887141154776561295

6082 cbfl8 the Fighter (level 10, -7/95 HPs)
             Began as a Minotaur Berserker on July 13, 2022.
             Was a Priest of Trog.
             Killed from afar by a wretched star (16 damage)
             ... with a lance of force
             ... on level 2 of the Abyss.
             The game lasted 00:13:44 (11378 turns).

cbfl8 the Fighter (Minotaur Berserker)             Turns: 11378, Time: 00:13:45

Health: -7/95      AC: 17    Str: 22    XL:     10   Next: 58%
Magic:  6/6        EV:  8    Int:  4    God:    Trog [***...]
Gold:   416        SH:  5    Dex: 20    Spells: 9/9 levels left

rFire   . . .      SeeInvis .   B - +0 broad axe (flame)
rCold   . . .      Faith    .   (no shield)
rNeg    + . .      Spirit   .   f - +0 plate armour
rPois   .          Reflect  +   (helmet restricted)
rElec   .          Harm     .   L - +0 cloak
rCorr   .          Rampage  .   x - +0 pair of gloves
Will    ++...                   (no boots)
Stlth   ..........              w - amulet of reflection
HPRegen 1.25/turn               I - +6 ring of dexterity
MPRegen 0.10/turn               y - ring of positive energy

@: about to teleport, strong-willed (expiring), on berserk cooldown,
regenerating (expiring), slowed, unable to read, very slow
A: horns 2, retaliatory headbutt, [low MP 3], [inability to read while
threatened]
a: Renounce Religion, Berserk, Trog's Hand


You were on level 2 of the Abyss.
You worshipped Trog.
Trog was most pleased with you.
You visited 2 branches of the dungeon, and saw 11 of its levels.
You visited the Abyss 1 time.

You collected 416 gold pieces.

Inventory:

Hand Weapons
 b - a +0 shortbow
 o - a +0 war axe
 B - a +0 broad axe of flaming (weapon)
 D - a +1 hand axe of electrocution
 E - a +0 battleaxe
Missiles
 a - 171 arrows
 t - 2 throwing nets (quivered)
Armour
 f - a +0 plate armour (worn)
 i - a +0 chain mail
 x - a +0 pair of gloves (worn)
 K - +0 acid dragon scales
 L - a +0 cloak (worn)
Jewellery
 h - a ring of ice
 w - an amulet of reflection (around neck)
 y - a ring of positive energy (right hand)
 I - a +6 ring of dexterity (left hand)
Wands
 n - a wand of iceblast (8)
 C - a wand of acid (4)
 G - a wand of digging (5)
 J - a wand of polymorph (12)
Scrolls
 c - 4 scrolls of teleportation
 e - a scroll of silence {unknown}
 k - a scroll of fog {unknown}
 l - a scroll of vulnerability
 p - a scroll of summoning
 v - 3 scrolls of magic mapping
 A - a scroll of immolation
 F - a scroll of noise {unknown}
 H - a scroll of brand weapon
Potions
 d - 2 potions of haste {unknown}
 g - 2 potions of attraction {unknown}
 m - 2 potions of might {unknown}
 q - 10 potions of curing
 s - a potion of brilliance {unknown}
 u - a potion of mutation {unknown}
 z - a potion of resistance {unknown}


   Skills:
 * Level 11.0 Fighting
 - Level 10.0 Axes
 + Level 9.7 Armour
 + Level 3.1 Dodging
 + Level 0.5 Stealth
 * Level 6.6 Shields
 * Level 4.2 Evocations


You had 9 spell levels left.
You didn't know any spells.
Your spell library was empty.

Dungeon Overview and Level Annotations

Branches:
Dungeon (10/15)            Temple (1/1) D:4            Lair (0/6) D:8
    Orc: D:9-12

Altars:
Ashenzari
Cheibriados
Dithmenos
Elyvilon
Fedhas
Gozag
Hepliaklqana
Kikubaaqudgha
Makhleb
Nemelex Xobeh
Okawaru
Qazlal
Ru
Sif Muna
Trog
Uskayaw
Vehumet
Wu Jian
Xom
Yredelemnul
Zin
The Shining One

Shops:
D:2 :   D:8 (=(([


Innate Abilities, Weirdness & Mutations

You have a pair of horns on your head.
You reflexively headbutt those who attack you in melee.
[Your magical capacity is extremely low. (-30% MP)]
[You sometimes lose the ability to read scrolls when taking damage.]


Message History

You are knocked back by the lance of force.
The wretched star glows turbulently.
The lance of force hits you!!
* * * LOW HITPOINT WARNING * * *
You are knocked back by the lance of force.
You slam into the rock wall!
* * * LOW HITPOINT WARNING * * *
You are too injured to fight recklessly!
You are too injured to fight recklessly!
You feel much better.
You feel much better.
As you read the scroll of teleportation, it crumbles to dust.
You feel strangely unstable.
You feel the power of the Abyss delaying your translocation!
The wretched star pulses with an eldritch light!
You lose the ability to read scrolls when threatened.
You feel the effects of Trog's Hand fading.
The wretched star pulses with an eldritch light!
You feel less energetic. x2
The wretched star glows turbulently.
The lance of force hits you!
You are knocked back by the lance of force.
You slam into the rock wall!
You feel threatened and lose the ability to read scrolls!
The wretched star pulses with an eldritch light!
The wretched star glows turbulently.
The lance of force hits you.
You are knocked back by the lance of force.
You slam into the rock wall!
The wretched star glows turbulently.
The lance of force hits you!
* * * LOW HITPOINT WARNING * * *
You are knocked back by the lance of force.
You slam into the rock wall!
* * * LOW HITPOINT WARNING * * *
The wretched star pulses with an eldritch light!
You feel less energetic.
The wretched star glows turbulently.
The lance of force hits you!
You die...

.#. ..# . #..
#.# ##.### #.#
###..#.# #..##
#.##... ......
###.####.#..#
###..*.......#.
#..@*.........#
##......#.#.###
##.....### ..
#......# .## .
#......##..#
#......#..#
#......##
#.......#..#
##......####


You could see 2 wretched stars.

Vanquished Creatures
  A two-headed ogre (D:9)
  An ugly thing (D:9)
  Maurice (D:8)
  2 acid dragons
  6 water moccasins
  2 orc warriors
  A sky beast (D:6)
  4 ice beasts
  2 black bears (D:8)
  A necrophage (D:4)
  5 centaurs
  An ogre (D:4)
  A phantom (D:5)
  2 kobold brigands
  3 bullfrogs
  6 scorpions
  A water moccasin zombie (D:6)
  A water moccasin skeleton (D:6)
  6 wights
  6 killer bees (D:9)
  4 howler monkeys
  A bullfrog zombie (D:5)
  A centaur skeleton (D:4)
  2 centaur zombies
  6 orc priests
  A hound (D:6)
  A bullfrog skeleton (D:4)
  4 iguanas
  4 orc wizards
  A scorpion zombie (D:4)
  A hound skeleton (D:5)
  A howler monkey zombie (D:8)
  4 gnolls
  A howler monkey skeleton (D:6)
  5 adders
  A shadow imp (D:6)
  2 white imps
  An adder skeleton (D:4)
  4 worms
  3 dart slugs
  24 orcs
  8 endoplasms
  3 giant cockroaches
  9 goblins
  9 hobgoblins
  7 jackals
  15 kobolds
  3 quokkas
  10 ball pythons
  2 bats
  A frilled lizard (D:3)
  3 rats (D:1)
195 creatures vanquished.

Vanquished Creatures (collateral kills)
  2 howler monkeys (D:7)
  A centaur zombie (D:7)
  An orc priest (D:7)
  A white imp (D:7)
5 creatures vanquished.

Vanquished Creatures (others)
  25 fungi (D:8)
  18 plants (D:8)
43 creatures vanquished.

Grand Total: 243 creatures vanquished

Notes
Turn   | Place    | Note
-------+----------+-------------------------------------------
     0 | D:1      | cbfl8 the Minotaur Berserker began the quest for the Orb.
     0 | D:1      | Reached XP level 1. HP: 19/19 MP: 0/0
   269 | D:1      | Reached XP level 2. HP: 27/27 MP: 1/1
   275 | D:1      | Reached skill level 4 in Fighting
   750 | D:1      | Reached XP level 3. HP: 32/33 MP: 2/2
   769 | D:1      | Reached ** piety under Trog
   908 | D:2      | Found a faded altar of an unknown god.
  1086 | D:2      | Found Liggurese's Book Emporium.
  1628 | D:3      | Reached XP level 4. HP: 36/41 MP: 3/3
  2184 | D:3      | Reached skill level 5 in Axes
  2348 | D:3      | Reached skill level 5 in Fighting
  2461 | D:4      | Reached XP level 5. HP: 48/48 MP: 4/4
  2966 | D:4      | Reached XP level 6. HP: 50/56 MP: 5/5
  3186 | D:4      | Found a staircase to the Ecumenical Temple.
  3211 | D:4      | Reached *** piety under Trog
  3382 | D:4      | Reached skill level 5 in Armour
  3387 | D:4      | Reached skill level 6 in Fighting
  3387 | D:4      | Reached XP level 7. HP: 39/63 MP: 6/6
  3895 | Temple   | Entered the Ecumenical Temple
  4346 | D:5      | Entered Level 5 of the Dungeon
  4794 | D:5      | Found a glowing silver altar of Zin.
  5373 | D:6      | Reached XP level 8. HP: 40/71 MP: 7/7
  5786 | D:6      | Reached skill level 7 in Fighting
  5881 | D:6      | Reached skill level 1 in Shields
  6481 | D:6      | Reached **** piety under Trog
  7031 | D:6      | Reached skill level 8 in Fighting
  7362 | D:7      | Reached XP level 9. HP: 76/81 MP: 8/8
  7425 | D:7      | Reached skill level 10 in Axes
  7600 | D:7      | Reached skill level 1 in Evocations
  8431 | D:8      | Reached skill level 9 in Fighting
  8584 | D:8      | Found Ichopn's Armour Emporium.
  8904 | D:8      | Noticed Maurice
  8918 | D:8      | Killed Maurice
  8989 | D:8      | Reached skill level 5 in Shields
  9006 | D:8      | Reached XP level 10. HP: 70/93 MP: 9/9
  9391 | D:8      | Found a staircase to the Lair.
  9503 | D:8      | Reached skill level 10 in Fighting
  9516 | D:8      | Found Deim's Weapon Shoppe.
  9537 | D:8      | Found Fiodghott's Weapon Emporium.
  9831 | D:8      | Found Uggow's Antique Weapon Shop.
  9899 | D:8      | Found Igeonoq's Jewellery Emporium.
 10147 | D:9      | Noticed a two-headed ogre
 10152 | D:9      | Killed a two-headed ogre
 10414 | D:9      | Noticed a red ugly thing
 10430 | D:9      | Killed a red ugly thing
 10592 | D:10     | Entered Level 10 of the Dungeon
 10925 | D:9      | Reached skill level 11 in Fighting
 11335 | D:9      | Noticed a wizard
 11342 | D:9      | Cast into level 2 of the Abyss (a wizard)
 11361 | Abyss:2  | Noticed a wretched star
 11371 | Abyss:2  | Noticed a wretched star
 11378 | Abyss:2  | Killed from afar by a wretched star

Illustrated notes

Levels and vault maps discovered:
D:1:      amcnicky_arrival_underground_garden, layout_basic, minmay_hexomino_c4
D:2:      layout_basic, basic_ecumenical_altar, serial_shops,
          nicolae_shop_window_shopping
D:3:      layout_rooms
D:4:      minmay_bubble_buster, layout_basic, temple_pool_b
D:5:      layout_gridville, zin_academy
D:6:      layout_basic, supply_closet_lemuel
D:7:      layout_loops_ring
D:8:      layout_layer_cave, due_lair_maze_entry_diamond, serial_shops, shop,
          shop, shop, nicolae_stop_n_shop_2, shop, feat_on_display, uniq_maurice
D:9:      layout_long_grid, st_stairs_6, hangedman_decor_peaks_small
D:10:     layout_rooms, orc_0_dummy, serial_curves, eino_curves_03,
          eino_curves_03, hangedman_glass_teeth, uniq_snorg
Temple:   kilobyte_greek_temple
Abyss:2:  base: D:10, due_exit_kobolds

Skill      XL: |  1  2  3  4  5  6  7  8  9 10 |
---------------+-------------------------------+-----
Fighting       | 4 5 6 8 9 11 | 11.0
Axes           | 4 5 6 8 9 10 | 10.0
Armour         | 3 4 5 6 7 8 9 |  9.7
Shields        | 2 5 6 |  6.6
Evocations     | 3 4 |  4.2
Dodging        | 3 |  3.1
Stealth        | |  0.5

Action                   |  1- 3 |  4- 6 |  7- 9 | 10-12 || total
-------------------------+-------+-------+-------+-------++-------
Melee: Hand axe          |   110 |     7 |       |       ||   117
       Headbutt          |    20 |    17 |    59 |    20 ||   116
       Punch             |     1 |       |     7 |       ||     8
       War axe           |       |    73 |    59 |       ||   132
       Broad axe         |       |       |   233 |    85 ||   318
Invok: Berserk           |       |     2 |     4 |     3 ||     9
       Trog's Hand       |       |     1 |     1 |     1 ||     3
       Brothers in Arms  |       |       |     2 |       ||     2
  Use: Scroll            |       |       |       |     8 ||     8
       Potion            |       |       |       |     6 ||     6
Armor: Plate armour      |    63 |    53 |   246 |    59 ||   421
       Animal skin       |     1 |       |       |       ||     1
Dodge: Dodged            |    21 |    30 |    79 |    35 ||   165
Block: Other             |       |       |    67 |    19 ||    86
       Reflection        |       |       |     6 |     2 ||     8
